 Dungeon Crawl Stone Soup version 0.30-a0-354-g6b83867211 (webtiles) character file.

Game seed: 5903990864930966239

907 iguanaiguana the Skirmisher (level 8, -9/50 HPs)
             Began as an Octopode Hunter on Nov 8, 2022.
             Shot with an arrow by a centaur (14 damage)
             ... on level 5 of the Dungeon.
             The game lasted 00:11:02 (4948 turns).

iguanaiguana the Skirmisher (Octopode Hunter)       Turns: 4948, Time: 00:11:03

Health: -9/50      AC:  1    Str: 11    XL:     8   Next: 8%
Magic:  17/17      EV: 13    Int: 11    God:
Gold:   242        SH:  0    Dex: 17    Spells: 7/7 levels left

rFire   . . .      SeeInvis .    b - +0 arbalest
rCold   . . .      Faith    .    (shield currently unavailable)
rNeg    . . .      Spirit   .    (helmet restricted)
rPois   +          Reflect  .    (no amulet)
rElec   .          Harm     .    q - ring of resist corrosion
rCorr   +          Rampage  .    r - ring of poison resistance
Will    .....                    E - ring of magical power
Stlth   +++.......               (no ring)
HPRegen 0.28/turn                (no ring)
MPRegen 0.15/turn                (no ring)
                                 (no ring)
                                 (no ring)

@: invisible
A: almost no armour, amphibious, 8 rings, camouflage 1, gelatinous body 1,
(nimble swimmer 1), tentacles
a: no special abilities


You were on level 5 of the Dungeon.
You visited 1 branch of the dungeon, and saw 5 of its levels.
You also visited: Ossuary.

You collected 242 gold pieces.

Inventory:

Hand Weapons
 a - a +0 long sword
 b - a +0 arbalest (weapon)
 z - a +0 shortbow
Missiles
 u - 4 poisoned darts
Jewellery
 q - a ring of resist corrosion (left tentacle)
 r - a ring of poison resistance (right tentacle)
 E - a ring of magical power (on tentacle)
Wands
 y - a wand of flame (15)
Scrolls
 c - a scroll of poison
 h - 3 scrolls of teleportation {@r3}
 i - a scroll of vulnerability
 k - 2 scrolls of amnesia
 m - 2 scrolls of butterflies
 n - a scroll of silence
 o - 2 scrolls of enchant weapon {unknown}
 t - 4 scrolls of magic mapping {@r5}
 x - 2 scrolls of blinking {unknown}
 A - 2 scrolls of enchant armour {unknown}
 C - a scroll of identify {@r1}
Potions
 d - 4 potions of degeneration {unknown}
 e - 4 potions of curing {@q1}
 f - 2 potions of might {unknown}
 j - 2 potions of cancellation {unknown}
 l - 3 potions of flight {unknown}
 p - a potion of ambrosia {unknown}
 s - a potion of mutation {unknown}
 v - 4 potions of heal wounds {unknown}
 w - 2 potions of lignification {unknown}
 B - 2 potions of magic {unknown}
 D - a potion of berserk rage {unknown}


   Skills:
 - Level 2.0 Fighting
 + Level 9.9 Ranged Weapons
 - Level 2.0 Dodging
 - Level 1.3 Stealth


You had 7 spell levels left.
You didn't know any spells.
Your spell library contained the following spells:

 Spells                   Type           Power      Damage    Failure   Level
 Magic Dart               Conj           0%         1d3       34%         1
 Static Discharge         Conj/Air       0%         2-2/arc   47%         2
 Call Canine Familiar     Summ           0%         N/A       71%         3
 Portal Projectile        Hex/Tloc       0%         N/A       71%         3
 Spider Form              Tmut/Pois      0%         N/A       71%         3
 Leda's Liquefaction      Hex/Erth       0%         N/A       98%         4
 Olgreb's Toxic Radiance  Pois           0%         N/A       98%         4


Dungeon Overview and Level Annotations

Branches:
Dungeon (5/15) Zot: 25693 Ossuary (visited)
 Temple: D:4-7

Altars:
Dithmenos
Wu Jian

Shops:
D:3 (

Annotations:
D:2 1 runed translucent door, Crazy Yiuf
D:5 Edmund


Innate Abilities, Weirdness & Mutations

You cannot wear most types of armour.
You are amphibious.
You can wear up to eight rings at the same time.
Your skin changes colour to match your surroundings (Stealth+).
Your rubbery body absorbs attacks. (AC +1, EV +1)
((You are camouflaged when in or above water. (Stealth+)))
You have tentacles for arms and can constrict up to eight enemies at once.


Message History

You shoot a bolt. The bolt closely misses the shadow imp.
You shoot a bolt. The bolt hits the shadow imp.
The shadow imp is heavily wounded.
You shoot a bolt. The bolt hits the shadow imp!
You kill the shadow imp!
A jackal comes into view.
You shoot a bolt. The bolt closely misses the jackal.
The jackal bites you.
You shoot a bolt. You shoot a bolt. The bolt barely misses the jackal.
The jackal bites you.
You shoot a bolt. The bolt hits the jackal!
You kill the jackal!
Found a ring mail.
You see here a +0 ring mail.
A centaur comes into view.
Found a scroll labelled KOUPSU KIMA.
You shoot a bolt. The bolt hits the centaur.
The centaur shouts!
The centaur is moderately wounded.
The centaur wields a +0 shortbow.
The centaur shoots an arrow.
The arrow hits you!
You are too injured to fight recklessly!
Fire: b) +0 arbalest
Press: ? - help, Q - select action, (/) - cycle Shift-Dir - straight line, f/p - centaur
Aim: a centaur, wielding a +0 shortbow (moderately wounded, 71% to hit)
You shoot a bolt. The bolt barely misses the centaur.
The centaur shoots an arrow.
The arrow hits you.
The centaur shoots an arrow.
The arrow hits you.
* * * LOW HITPOINT WARNING * * *
The centaur shoots an arrow.
The arrow hits you!
* * * LOW HITPOINT WARNING * * *
A gnoll comes into view. It is wielding a +0 whip.
Found a potion of invisibility and 11 gold pieces.
You fade into invisibility!
The centaur shoots an arrow. x2; The arrow hits you.
* * * LOW HITPOINT WARNING * * *
You feel better.
The centaur shoots an arrow.
You feel better.
The centaur shoots an arrow.
The arrow hits you!
* * * LOW HITPOINT WARNING * * *
The centaur shoots an arrow.
The arrow hits you!
You die...

.#...................#.##
#.#.................#.##
##.#...#..#.#..#...#.######g..
..#.######...######.#........#
##.#...#..#.#..#...#.######..#
#.#....8.......8....#.#
.#...|.†.............#.#
#.....8.........8....c#.#
.....)..........@.....!#.#
.).....8.......8........#.#
...).....................#..
........................$.#c?
###########....######........
####............ ########....


You could see a centaur (unable to see you).

Vanquished Creatures
  Menkaure (Ossuary)
  A necrophage (D:5)
  A scorpion (D:4)
  4 centaur zombies (Ossuary)
  A hound (D:5)
  3 orc priests
  3 iguanas (D:4)
  3 orc wizards
  An ogre zombie (Ossuary)
  6 mummies (Ossuary)
  5 adders
  A shadow imp (D:5)
  5 adder zombies (Ossuary)
  2 worms
  14 orcs
  5 ball pythons
  3 endoplasms
  3 giant cockroaches
  A gnoll zombie (Ossuary)
  4 goblins
  8 hobgoblins
  10 jackals
  9 kobolds
  A quokka (D:1)
  7 bats
  2 frilled lizards
  3 goblin zombies (Ossuary)
  5 hobgoblin zombies (Ossuary)
  2 kobold zombies (Ossuary)
  3 quokka zombies (Ossuary)
  4 rats
  6 rat zombies (Ossuary)
127 creatures vanquished.

Notes
Turn   | Place    | Note
-------+----------+-------------------------------------------
     0 | D:1      | iguanaiguana the Octopode Hunter began the quest for the
                  | Orb.
     0 | D:1      | Reached XP level 1. HP: 14/14 MP: 1/1
   272 | D:1      | Found a faded altar of an unknown god.
   456 | D:1      | Reached XP level 2. HP: 19/19 MP: 2/2
  1166 | D:2      | Found a runed translucent door.
  1167 | D:2      | Noticed Crazy Yiuf
  1224 | D:2      | Reached skill level 5 in Ranged Weapons
  1224 | D:2      | Reached XP level 3. HP: 19/24 MP: 3/3
  1519 | D:2      | Found a shadowy altar of Dithmenos.
  2003 | D:3      | Found an ornate altar of the Wu Jian Council.
  2040 | D:3      | Reached XP level 4. HP: 18/29 MP: 4/4
  2203 | D:3      | Found Wulut's Weapon Emporium.
  2587 | D:3      | Reached skill level 6 in Ranged Weapons
  2779 | D:4      | Reached XP level 5. HP: 34/34 MP: 5/5
  2805 | D:4      | Found a sand-covered staircase.
  2811 | Ossuary  | Entered an ossuary
  3080 | Ossuary  | Reached skill level 7 in Ranged Weapons
  3080 | Ossuary  | Reached XP level 6. HP: 34/39 MP: 6/6
  3117 | Ossuary  | Noticed Menkaure
  3445 | Ossuary  | Killed Menkaure
  3446 | Ossuary  | Reached skill level 8 in Ranged Weapons
  3446 | Ossuary  | Reached XP level 7. HP: 45/45 MP: 7/7
  3582 | D:4      | Got Zevvaiso's Compilation of the Eleven Yaks
  3845 | D:4      | Identified the +5 quarterstaff of Exquisite Torment
                  | {vorpal, Drain rElec rPois SInv}
  4097 | D:4      | Reached skill level 9 in Ranged Weapons
  4542 | D:5      | Entered Level 5 of the Dungeon
  4644 | D:5      | Noticed Edmund
  4757 | D:5      | Reached XP level 8. HP: 30/50 MP: 8/8
  4948 | D:5      | Shot with an arrow by a centaur

Illustrated notes

Levels and vault maps discovered:
D:1:      wheals_arrival_linesprint, layout_loops_corners,
          dreamdust_ecumenical_altar_hidden_monk_grotto
D:2:      layout_loops_ring, basic_altar, uniq_crazy_yiuf_cottage
D:3:      layout_basic, mainiacjoe_overflow_paths, serial_shops,
          nicolae_shop_waterfront
D:4:      layout_basic, nicolae_ossuary_entry_plus
D:5:      wad_pebble_path, layout_rooms, uniq_edmund

Skill      XL: |  1  2  3  4  5  6  7 |
---------------+----------------------+-----
Ranged Weapons | 5 6 7 8 9 |  9.9
Fighting       | |  2.0
Dodging        | |  2.0
Stealth        | |  1.3

Action                   |  1- 3 |  4- 6 |  7- 9 || total
-------------------------+-------+-------+-------++-------
Melee: Long sword        |       |    17 |    17 ||    34
       Constrict         |       |     3 |     5 ||     8
       Punch             |       |     1 |       ||     1
       Tentacles         |       |     1 |     6 ||     7
 Fire: Shortbow          |    84 |       |       ||    84
       Arbalest          |    24 |   128 |    70 ||   222
  Use: Potion            |     1 |       |     3 ||     4
       Scroll            |       |     6 |     3 ||     9
Armor: Skin              |     6 |    13 |     1 ||    20
Dodge: Dodged            |    39 |    78 |    32 ||   149

Table legend: (Time is in decaauts)
 A = Elapsed time spent in this place.
 B = Non-inter-level travel time spent in this place.
 C = Inter-level travel time spent in this place.
 D = Time resting spent in this place.
 E = Time spent auto-exploring this place.
 F = Levels seen in this place.
 G = Mean time per level.
                   A        B        C        D        E       F      G
               +--------+--------+--------+--------+--------+-----+--------+
         Total |   5088 |   4825 |    263 |    112 |   3807 |   6 |  848.0 |
       Dungeon |   4305 |   4042 |    263 |    112 |   3331 |   5 |  861.0 |
       Ossuary |    782 |    782 |      0 |      0 |    476 |   1 |  782.0 |
               +--------+--------+--------+--------+--------+-----+--------+

Top non-repeatable levels by time:
     D:4: 1208 daAuts
     D:1: 1104 daAuts
     D:3: 947 daAuts
 Ossuary: 782 daAuts
     D:2: 762 daAuts
     D:5: 283 daAuts
